 Dungeon Crawl Stone Soup version 0.24.0-125-gc4c63601f3 (webtiles) character file.

Game seed: 1206451324692772111, levelgen mode: deterministic

3124 Frank2 the Basher (level 9, -10/69 HPs)
             Began as a Demonspawn Gladiator on Mar 22, 2020.
             Killed by divine providence
             ... invoked by an orc priest
              (16 damage)
             ... on level 8 of the Dungeon.
             The game lasted 00:10:06 (6314 turns).

Frank2 the Basher (Demonspawn Gladiator)            Turns: 6314, Time: 00:10:06

Health: -10/69     AC: 12    Str: 14    XL:     9   Next: 61%
Magic:  9/9        EV: 16    Int:  9    God:
Gold:   308        SH:  0    Dex: 19    Spells: 8/8 levels left

rFire    . . .     SeeInvis .   u - +0 morningstar
rCold    + . .     Gourm    .   (no shield)
rNeg     . . .     Faith    .   s - +1 ring mail {rC+}
rPois    .         Spirit   .   c - +0 helmet
rElec    .         Reflect  .   (no cloak)
rCorr    .         Harm     .   (no gloves)
MR       .....                  (no boots)
Stlth    +.........             (no amulet)
HPRegen  0.21/turn              e - +4 ring of protection
MPRegen  0.11/turn              (no ring)

@: no status effects
A: claws 2, repulsion field 1, powered by death 1, spiny 2
a: no special abilities


You were on level 8 of the Dungeon.
You were very hungry.

You visited 1 branch of the dungeon, and saw 8 of its levels.

You collected 308 gold pieces.

Inventory:

Hand Weapons
 u - a +0 morningstar (weapon)
Armour
 c - a +0 helmet (worn)
 s - a +1 ring mail of cold resistance (worn)
Jewellery
 e - a +4 ring of protection (left claw)
Scrolls
 i - 2 scrolls of enchant armour {unknown}
 j - 5 scrolls of remove curse
 l - a scroll of random uselessness {unknown}
 m - 2 scrolls of enchant weapon
 o - a scroll of fog
 p - 3 scrolls of identify
 q - 5 scrolls of teleportation
 t - a scroll of blinking
Potions
 a - 2 potions of mutation {unknown}
 b - 5 potions of curing
 g - a potion of ambrosia {unknown}
 h - a potion of degeneration {unknown}
 k - a potion of resistance {unknown}
 n - a potion of heal wounds {unknown}
 r - 2 potions of lignification {unknown}
 v - a potion of magic {unknown}
Comestibles
 f - 18 rations


   Skills:
 + Level 5.7 Fighting
 + Level 9.4 Maces & Flails
 - Level 1.7 Throwing
 + Level 5.1 Armour
 + Level 5.2 Dodging


You had 8 spell levels left.
You didn't know any spells.
Your spell library contained the following spells:

 Spells                   Type           Power        Failure   Level  Hunger
 Summon Butterflies       Summ           #.......     61%         1    ##.....
 Call Canine Familiar     Summ           #.......     93%         3    ####...
 Summon Ice Beast         Ice/Summ       #.......     100%        4    #####..
 Summon Mana Viper        Hex/Summ       #.......     100%        5    ######.
 Summon Hydra             Summ           #.........   100%        7    #######


Dungeon Overview and Level Annotations

Branches:
Dungeon (8/15)             Temple (0/1) D:6            Lair (0/6) D:8

Altars:
Dithmenos

Annotations:
D:7 2 transporters, Saltbearer's ghost, novice FoAK


Innate Abilities, Weirdness & Mutations

You have very sharp fingernails.
You are surrounded by a mild repulsion field. (EV +2)
You regenerate a little health from kills.
You are mostly covered in sharp spines.


Message History

Press: ? - help, Shift-Dir - straight line, f/p - death yak
Aim: a death yak (almost dead)
Okay, then.
You hit the death yak.
The death yak is almost dead.
The death yak is struck by your spines. The death yak gores you!!
You hit the death yak but do no damage.
The death yak is almost dead.
The death yak gores you!
* * * LOW HITPOINT WARNING * * *
You barely miss the death yak.
The death yak is almost dead.
The death yak completely misses you. The death yak gores you!
* * * LOW HITPOINT WARNING * * *
Unknown command.
Your ring mail prevents you from hitting the death yak.
The death yak is almost dead.
The orc priest invokes the aid of Beogh against you.
Beogh smites you!
You die...

........#..#........##.
...#..................#.
........................
........#.............(.
....#...#..#..###.......
.....o#.#.##..# #.......
.....oYYo..#.## #.......
.....#Y#....## ##......
##. #@#..#..###.......
#.......#####...........
...#...(# #.........#.
#.#.## ##.#....###.
#..## ####..## ## #..
#### ... ..#


You could see 3 death yaks, an orc priest and an orc.

Vanquished Creatures
  Prince Ribbit (D:5)
  A hippogriff (D:7)
  A wyvern (D:6)
  Duvessa (D:7)
  A water moccasin (D:8)
  An orc warrior (D:7)
  A sky beast (D:8)
  5 ogres
  A hornet zombie (D:7)
  A centaur (D:7)
  2 big kobolds
  A gnoll sergeant (D:5)
  Dowan (D:7)
  A scorpion (D:7)
  6 killer bees (D:7)
  4 wights (D:8)
  An electric eel (D:6)
  3 howler monkeys
  2 crimson imps
  2 quasits
  An orc priest (D:4)
  2 hounds
  Jessica (D:3)
  An iguana (D:7)
  2 worker ants
  Natasha (twice) (D:2)
  An orc wizard (D:4)
  A killer bee zombie (D:4)
  9 gnolls
  6 adders
  A howler monkey skeleton (D:4)
  2 shadow imps
  An ooze (D:5)
  An adder zombie (D:8)
  An adder skeleton (D:6)
  3 worms
  4 dart slugs (D:1)
  4 leopard geckos
  16 orcs
  6 bats
  4 giant cockroaches
  5 goblins
  6 hobgoblins
  17 jackals
  14 kobolds
  4 quokkas
  A ball python (D:5)
  4 frilled lizards
  11 rats
168 creatures vanquished.

Notes
Turn   | Place    | Note
-------+----------+-------------------------------------------
     0 | D:1      | Frank2 the Demonspawn Gladiator began the quest for the
                  | Orb.
     0 | D:1      | Reached XP level 1. HP: 16/16 MP: 1/1
   172 | D:1      | Gained mutation: You are surrounded by a mild repulsion
                  | field. (EV +2) [demonic ancestry]
   172 | D:1      | Reached XP level 2. HP: 20/22 MP: 2/2
   459 | D:1      | Reached skill level 3 in Maces & Flails
   621 | D:1      | Gained mutation: You are partially covered in sharp spines.
                  | [demonic ancestry]
   621 | D:1      | Reached XP level 3. HP: 18/27 MP: 3/3
   967 | D:2      | Noticed Natasha
   974 | D:2      | Killed Natasha
  1057 | D:2      | Noticed Natasha
  1063 | D:2      | Killed Natasha
  1063 | D:2      | Gained mutation: You are mostly covered in sharp spines.
                  | [demonic ancestry]
  1063 | D:2      | Reached XP level 4. HP: 27/34 MP: 4/4
  1269 | D:2      | Reached skill level 1 in Armour
  1667 | D:3      | Reached skill level 4 in Maces & Flails
  1732 | D:3      | Reached XP level 5. HP: 36/39 MP: 5/5
  1871 | D:3      | Noticed Jessica
  1877 | D:3      | Killed Jessica
  2336 | D:4      | Gained mutation: You have sharp fingernails. [demonic
                  | ancestry]
  2336 | D:4      | Reached XP level 6. HP: 27/46 MP: 6/6
  2618 | D:4      | Reached skill level 5 in Maces & Flails
  3158 | D:5      | Entered Level 5 of the Dungeon
  3250 | D:5      | Reached XP level 7. HP: 26/52 MP: 7/7
  3370 | D:5      | Found a shadowy altar of Dithmenos.
  3437 | D:5      | Reached skill level 6 in Maces & Flails
  4086 | D:5      | Noticed Prince Ribbit
  4265 | D:5      | Killed Prince Ribbit
  4591 | D:6      | Noticed a wyvern
  4600 | D:6      | Killed a wyvern
  4600 | D:6      | Reached skill level 7 in Maces & Flails
  4600 | D:6      | Gained mutation: You regenerate a little health from kills.
                  | [demonic ancestry]
  4600 | D:6      | Reached XP level 8. HP: 34/60 MP: 8/8
  4865 | D:6      | Found a staircase to the Ecumenical Temple.
  5466 | D:7      | Noticed Duvessa
  5466 | D:7      | Noticed Dowan
  5477 | D:7      | Killed Duvessa
  5482 | D:7      | Killed Dowan
  5520 | D:7      | Noticed a hippogriff
  5531 | D:7      | Killed a hippogriff
  5531 | D:7      | Reached skill level 8 in Maces & Flails
  5667 | D:7      | Gained mutation: You have very sharp fingernails. [demonic
                  | ancestry]
  5667 | D:7      | Reached XP level 9. HP: 57/67 MP: 9/9
  5683 | D:7      | Reached skill level 5 in Fighting
  5727 | D:7      | Found a transporter.
  5732 | D:7      | Found a transporter.
  5732 | D:7      | Noticed Saltbearer's ghost (novice FoAK)
  5992 | D:7      | Reached skill level 5 in Dodging
  6066 | D:8      | Reached skill level 5 in Armour
  6114 | D:8      | Reached skill level 9 in Maces & Flails
  6197 | D:8      | Found a staircase to the Lair.
  6288 | D:8      | Noticed a death yak
  6288 | D:8      | Noticed a death yak
  6289 | D:8      | Noticed a death yak
  6314 | D:8      | Killed from afar by an orc priest

Levels and vault maps discovered:
D:1:      dpeg_arrival_chambers_temple_mockup, layout_basic
D:2:      layout_basic, uniq_natasha
D:3:      minmay_evil_eye, layout_loops_ring, uniq_jessica
D:4:      layout_gridville
D:5:      layout_basic, grunt_dithmenos_smoke, first_ration, patterned_corridor,
          uniq_prince_ribbit1
D:6:      layout_cave_pools, minmay_temple_entry_glassed_door,
          minmay_crystal_water, kennysheep_generic_room_13
D:7:      layout_loops_ring, serial_glass, glass_columns_c, glass_columns_a,
          gammafunk_ghost_mausoleum, uniq_duvessa
D:8:      layout_cave_pools, dpeg_lair_monsters

Skill      XL: |  1  2  3  4  5  6  7  8  9 |
---------------+----------------------------+-----
Dodging        | 3 4 5 |  5.2
Maces & Flails | 3 4 5 7 8 9 |  9.4
Armour         | 1 2 3 4 5 |  5.1
Fighting       | 3 4 5 |  5.7
Throwing       | |  1.7

Action                   |  1- 3 |  4- 6 |  7- 9 || total
-------------------------+-------+-------+-------++-------
Melee: Flail             |    87 |   125 |   187 ||   399
       Morningstar       |       |       |    46 ||    46
Throw: Throwing net      |       |       |     5 ||     5
  Use: Scroll            |     6 |     4 |       ||    10
       Potion            |       |       |     2 ||     2
 Stab: Held in net/web   |       |       |     2 ||     2
  Eat: Chunk             |       |     4 |     9 ||    13
       Ration            |       |     1 |       ||     1
Armor: Leather armour    |    16 |       |       ||    16
       Chain mail        |    25 |    47 |       ||    72
       Ring mail         |       |       |    63 ||    63
Dodge: Dodged            |    71 |    65 |   160 ||   296
